 Dungeon Crawl Stone Soup version 0.26-a0-30-g56b8cd3df0 (webtiles) character file.

Game seed: 1154281379654335452, levelgen mode: deterministic

626 gruber the Skirmisher (level 7, -6/56 HPs)
             Began as a Formicid Abyssal Knight on June 1, 2020.
             Was a Priest of Lugonu.
             Mangled by a mummy (9 damage)
             ... in an ossuary.
             The game lasted 00:06:22 (5020 turns).

gruber the Skirmisher (Formicid Abyssal Knight)     Turns: 5020, Time: 00:06:22

Health: -6/56      AC: 10    Str: 17 (18) XL:     7   Next: 76%
Magic:  8/8        EV: 11    Int:  9 (12) God:    Lugonu [***...]
Gold:   296        SH:  4    Dex:  7 (10) Spells: 6/6 levels left

rFire    . . .     SeeInvis +   r - +1 mace (protect)
rCold    . . .     Gourm    .   s - +0 buckler
rNeg     . . .     Faith    .   b - +0 leather armour
rPois    .         Spirit   .   (helmet unavailable)
rElec    .         Reflect  .   (no cloak)
rCorr    .         Harm     .   (no gloves)
MR       .....                  (no boots)
Stlth    +.........             (no amulet)
HPRegen  0.18/turn              d - ring of flight
MPRegen  0.11/turn              (no ring)

@: marked, protection aura, stab
A: permanent stasis, dig shafts and tunnels, four strong arms, antennae 3
a: Dig, Shaft Self, Depart the Abyss, Bend Space, Banish, Renounce Religion,
Evoke Flight


You were in an ossuary.
You worshipped Lugonu.
Lugonu was most pleased with you.
You were hungry.

You visited 1 branch of the dungeon, and saw 5 of its levels.
You visited the Abyss 1 time.
You also visited: Ossuary.

You collected 296 gold pieces.

Inventory:

Hand Weapons
 a - a +1 mace
 g - a +0 hunting sling
 r - a +1 mace of protection (weapon)
 t - a +2 vorpal great sword
Missiles
 i - 159 stones
 l - 15 poisoned darts (quivered)
Armour
 b - a +0 leather armour (worn)
 p - a cursed +0 ring mail
 s - a +0 buckler (worn)
Jewellery
 d - a ring of flight (left hand)
Scrolls
 e - 3 scrolls of amnesia {unknown}
 h - a scroll of fear {unknown}
 j - 2 scrolls of blinking {unknown}
 k - 3 scrolls of remove curse {unknown}
 m - 4 scrolls of teleportation {unknown}
 n - a scroll of enchant weapon {unknown}
 o - 4 scrolls of identify {unknown}
 v - a scroll of magic mapping {unknown}
 x - 3 scrolls of enchant armour {unknown}
 y - 2 scrolls of random uselessness {unknown}
Potions
 f - a potion of lignification {unknown}
 z - 2 potions of degeneration
 A - a potion of magic {unknown}
Comestibles
 c - 10 rations


   Skills:
 * Level 5.6 Fighting
 - Level 3.0 Long Blades
 - Level 4.0 Maces & Flails
 - Level 2.1 Armour
 - Level 0.8 Dodging
 - Level 5.2 Shields
 - Level 2.1 Invocations


You had 6 spell levels left.
You didn't know any spells.
Your spell library was empty.

Dungeon Overview and Level Annotations

Branches:
Dungeon (5/15)            Ossuary (1/1)
 Temple: D:4-7

Altars:
Ashenzari
Cheibriados
Kikubaaqudgha
Zin

Shops:
D:4 *

Annotations:
D:4 2 transporters, vurker's ghost, novice NaVM


Innate Abilities, Weirdness & Mutations

You cannot be hasted, slowed, berserked, paralysed or teleported.
You can dig through walls and to a lower floor.
Your four strong arms can wield two-handed weapons with a shield.
You have a pair of large antennae on your head. (SInv)


Message History

You hit the goblin zombie.
The goblin zombie is severely damaged.
The goblin zombie hits you.
* * * LOW HITPOINT WARNING * * *
You hit the goblin zombie.
You destroy the goblin zombie!
Lugonu accepts your kill.
You hit the mummy.
The mummy is lightly damaged.
You hit the mummy but do no damage.
The mummy is lightly damaged.
You block the mummy's attack.
You hit the mummy.
The mummy is moderately damaged.
The mummy hits you!
* * * LOW HITPOINT WARNING * * *
You hit the mummy.
The mummy is heavily damaged.
The mummy hits you!
You die...

#.'.## ##.....##
###..###.......##
#.'...#.^.......#
###...M....⌠....+
#.'...#...{....^#
###..###......^##
#.'.## ##.....##
###M# ###'###
##@## #.# #...#
##.## #...# #.∩.#
##### #.∩.# #####


You could see a mummy.

Vanquished Creatures
  An ogre (D:4)
  A phantom (D:4)
  A centaur zombie (Ossuary)
  An orc priest (D:3)
  2 iguanas (D:4)
  An orc wizard (D:3)
  A worker ant (D:4)
  A hound skeleton (D:4)
  4 mummies
  4 gnolls (D:3)
  8 adders
  An ooze (D:1)
  3 worms
  A dart slug (D:2)
  2 leopard geckos (D:3)
  12 orcs
  3 ball pythons
  10 bats
  5 giant cockroaches
  11 goblins
  8 hobgoblins
  4 jackals
  9 kobolds
  2 quokkas
  3 frilled lizards
  2 goblin zombies (Ossuary)
  A kobold zombie (Ossuary)
  An orc zombie (Ossuary)
  6 rats
109 creatures vanquished.

Notes
Turn   | Place    | Note
-------+----------+-------------------------------------------
     0 | Abyss:1  | gruber the Formicid Abyssal Knight began the quest for the
                  | Orb.
     0 | Abyss:1  | Reached XP level 1. HP: 18/18 MP: 2/2
     6 | Abyss:1  | Found a corrupted altar of Lugonu.
    52 | Abyss:1  | Noticed an eye of draining
    52 | Abyss:1  | Noticed a small abomination
    59 | Abyss:1  | Found a corrupted altar of Lugonu.
    63 | D:1      | Escaped the Abyss
   100 | D:1      | Reached XP level 2. HP: 17/24 MP: 3/3
   257 | D:1      | Reached * piety under Lugonu
   463 | D:1      | Reached XP level 3. HP: 27/29 MP: 4/4
  1586 | D:2      | Reached ** piety under Lugonu
  1586 | D:2      | Reached XP level 4. HP: 33/35 MP: 5/5
  1735 | D:2      | Found a snail-covered altar of Cheibriados.
  2118 | D:2      | Reached XP level 5. HP: 41/43 MP: 6/6
  2425 | D:3      | Reached skill level 5 in Fighting
  3315 | D:3      | Reached skill level 1 in Shields
  3320 | D:3      | Reached skill level 1 in Long Blades
  3320 | D:3      | Reached XP level 6. HP: 51/51 MP: 7/7
  3402 | D:3      | Reached *** piety under Lugonu
  3517 | D:3      | Found an ancient bone altar of Kikubaaqudgha.
  3630 | D:4      | Noticed an ogre
  3640 | D:4      | Killed an ogre
  3647 | D:4      | Reached XP level 7. HP: 31/56 MP: 8/8
  4058 | D:4      | Found a shattered altar of Ashenzari.
  4166 | D:4      | Found a transporter.
  4171 | D:4      | Found a transporter.
  4178 | D:4      | Noticed vurker's ghost (novice NaVM)
  4199 | D:4      | Found a glowing silver altar of Zin.
  4200 | D:4      | Found Zin's Purification Station.
  4571 | D:5      | Entered Level 5 of the Dungeon
  4578 | D:5      | Reached skill level 5 in Shields
  4585 | D:5      | Found a sand-covered staircase.
  4669 | Ossuary  | Entered an ossuary
  5020 | Ossuary  | Mangled by a mummy

Illustrated notes

Levels and vault maps discovered:
D:1:      dpeg_arrival_brainrot, layout_loops_cross
D:2:      layout_basic, kennysheep_slug_shrine
D:3:      layout_loops_cross, overflow_temple_1_default, first_ration,
          chequers_serial_rivers_small_a
D:4:      layout_loops_ring, zin_purify, lemuel_coloured_pillars_altar,
          gammafunk_ghost_stat_death, minmay_fractal_squares_diagonal_5
D:5:      layout_loops_ring, kennysheep_mini, minmay_temple_entry_stoned_glass,
          gup_ossuary_entry_pyramid, uniq_duvessa
Ossuary:  ossuary_crypta

Skill      XL: |  1  2  3  4  5  6  7 |
---------------+----------------------+-----
Maces & Flails | 3 4 |  4.0
Fighting       | 4 5 |  5.6
Shields        | 1 3 5 |  5.2
Long Blades    | 1 2 3 |  3.0
Armour         | |  2.1
Dodging        | |  0.8
Invocations    | |  2.1

Action                   |  1- 3 |  4- 6 |  7- 9 || total
-------------------------+-------+-------+-------++-------
Melee: Mace              |   100 |   196 |   121 ||   417
       Great sword       |       |     4 |       ||     4
Throw: Dart              |     5 |    21 |     5 ||    31
Invok: Depart the Abyss  |     1 |       |       ||     1
 Abil: Dig               |       |     2 |       ||     2
  Use: Potion            |       |       |     5 ||     5
  Eat: Chunk             |     2 |     7 |     4 ||    13
Armor: Leather armour    |    29 |    78 |    23 ||   130
Dodge: Dodged            |    74 |   128 |    51 ||   253
Block: Buckler           |       |    10 |    26 ||    36
       Rpst.: Great sword |       |     1 |       ||     1

Table legend:
 A = Non-vault XP
 B = Vault XP
 C = Vault XP percentage of total XP
 D = Non-vault monster count
 E = Vault monster count
 F = Vault count percentage of total count
                 A         B        C        D         E       F
            +---------+---------+-------+---------+---------+-------
      Total |     589 |     306 |  34.2 |      94 |      15 |  13.8
            +---------+---------+-------+---------+---------+-------
        D:1 |      44 |       2 |   4.3 |      24 |       1 |   4.0
        D:2 |      89 |       4 |   4.3 |      23 |       1 |   4.2
        D:3 |     235 |       0 |   0.0 |      39 |       0 |   0.0
        D:4 |     208 |     177 |  46.0 |       7 |       4 |  36.4
        D:5 |      13 |      18 |  58.1 |       1 |       1 |  50.0
    Ossuary |       0 |     105 | 100.0 |       0 |       8 | 100.0
            +---------+---------+-------+---------+---------+-------
